 Dungeon Crawl Stone Soup version 0.30.1-9-gdf580d7c3d (webtiles) character file.

Game seed: 16551222512126852667

6961 KittyFluff the Protected (level 11, -2/68 HPs)
             Began as a Gargoyle Berserker on Oct 18, 2023.
             Was an Elder of Trog.
             Slain by a komodo dragon (21 damage)
             ... on level 9 of the Dungeon.
             The game lasted 00:45:27 (10215 turns).

KittyFluff the Protected (Gargoyle Berserker)      Turns: 10215, Time: 00:45:28

Health: -2/68      AC: 23    Str: 26    XL:     11   Next: 7%
Magic:  11/11      EV: 13    Int:  7    God:    Trog [****..]
Gold:   183        SH:  0    Dex:  9    Spells: 10/10 levels left

rFire   . . .        R - +1 mace (holy)
rCold   . . .        (no shield)
rNeg    + + .        a - +0 acid dragon scales
rPois   ∞            (no helmet)
rElec   +            F - scarf {repulsion}
rCorr   +            k - +0 pair of gloves
SInv    .            q - +0 pair of boots
Will    .....        (no amulet)
Stlth   +            C - ring of positive energy
HPRegen 0.31/turn    d - +4 ring of protection
MPRegen 0.12/turn

%: repel missiles
@: no status effects
A: sickness immunity, AC +8, negative energy resistance 1, electricity
resistance, torment resistance 1, petrification resistance, no potion heal 1
a: Renounce Religion, Berserk, Trog's Hand, Brothers in Arms


You were on level 9 of the Dungeon.
You worshipped Trog.
Trog was greatly pleased with you.
You visited 1 branch of the dungeon, and saw 9 of its levels.

You collected 570 gold pieces.
You spent 387 gold pieces at shops.

Inventory:

Hand Weapons
 G - the +9 mace of the Shouting Gods {spect, *Rage Str+9 Dex+4 Stlth-}
   (You bought it in a shop on level 2 of the Dungeon)

   Str:       It affects your strength (+9).
   Dex:       It affects your dexterity (+4).
   *Rage:     It berserks you when you make melee attacks (+20% chance).
   Stlth:     It makes you less stealthy.
 H - the +7 morningstar of Igril {antimagic, *Corrode rC+ Str+2 Int+7}
   (You bought it in a shop on level 2 of the Dungeon)

   Str:       It affects your strength (+2).
   Int:       It affects your intelligence (+7).
   rC:        It protects you from cold.
   *Corrode:  It may corrode you when you take damage.
 I - a +6 hand crossbow
 L - a +0 morningstar
 P - a +5 dire flail of freezing
 Q - a +1 sling of flaming
 R - a +1 mace of holy wrath (weapon)
Missiles
 c - 6 curare-tipped darts (quivered)
 i - 25 poisoned darts
 v - 4 atropa-tipped darts
Armour
 a - +0 acid dragon scales (worn)
 k - a +0 pair of gloves (worn)
 q - a +0 pair of boots (worn)
 D - a +1 leather armour of fire resistance
 F - a scarf of repulsion (worn)
 S - +0 steam dragon scales
 U - a +1 cloak of preservation
Jewellery
 d - a +4 ring of protection (right hand)
 y - an amulet of faith
 C - a ring of positive energy (left hand)
Wands
 B - a wand of flame (18)
 J - a wand of paralysis (7)
 N - a wand of roots (10)
 T - a wand of digging (1)
Scrolls
 b - 2 scrolls of amnesia {unknown}
 e - a scroll of torment {unknown}
 f - 6 scrolls of identify {unknown}
 g - 5 scrolls of teleportation
 l - 2 scrolls of enchant armour {unknown}
 m - 3 scrolls of enchant weapon {unknown}
 n - 3 scrolls of silence {unknown}
 r - 3 scrolls of blinking {unknown}
 u - 3 scrolls of vulnerability {unknown}
 x - 2 scrolls of fog {unknown}
 E - 2 scrolls of noise {unknown}
 K - a scroll of magic mapping {unknown}
Potions
 h - 3 potions of degeneration
 j - 3 potions of haste {unknown}
 o - 7 potions of curing
 p - 2 potions of resistance {unknown}
 s - 3 potions of lignification {unknown}
 t - 2 potions of cancellation {unknown}
 w - a potion of attraction {unknown}
 z - 2 potions of heal wounds {unknown}
 A - 3 potions of brilliance {unknown}
 M - a potion of berserk rage {unknown}


   Skills:
 + Level 8.2 Fighting
 * Level 10.1 Maces & Flails
 * Level 10.8 Armour
 + Level 5.9 Dodging


You had 10 spell levels left.
You didn't know any spells.
Your spell library was empty.

Dungeon Overview and Level Annotations

Branches:
Dungeon (9/15)             Temple (0/1) D:6            Lair (0/5) D:8
    Orc: D:9-12

Altars:
Cheibriados
Elyvilon
Kikubaaqudgha
Sif Muna
Uskayaw
Wu Jian

Shops:
D:1 ([!=   D:2 *   D:5 =


Innate Abilities, Weirdness & Mutations

You are immune to sickness and miasma.
Your stone body is resilient. (AC +8)
You are immune to poison.
You resist negative energy. (rN+)
You are resistant to electric shocks. (rElec)
You are resistant to unholy torment.
You are immune to petrification.
Potions are less effective at restoring your health.


Message History

A komodo dragon comes into view.
The komodo dragon hisses angrily.
There is a stone staircase leading up here.
The komodo dragon closely misses you.
Your +1 mace of holy wrath softly glows with a divine radiance!
R - a +1 mace of holy wrath (weapon)
The komodo dragon bites you.
You closely miss the komodo dragon. The komodo dragon bites you.
You hit the komodo dragon.
The komodo dragon is lightly wounded.
The komodo dragon bites you!!
You hit the komodo dragon.
The komodo dragon is lightly wounded.
The komodo dragon closely misses you.
You hit the komodo dragon.
The komodo dragon is moderately wounded.
The komodo dragon bites you!
You barely miss the komodo dragon.
The komodo dragon is moderately wounded.
You hit the komodo dragon.
The komodo dragon is moderately wounded.
The komodo dragon barely misses you.
You barely miss the komodo dragon.
The komodo dragon is moderately wounded.
The komodo dragon misses you.
You hit the komodo dragon.
The komodo dragon is heavily wounded.
The komodo dragon bites you!
* * * LOW HITPOINT WARNING * * *
You completely miss the komodo dragon.
The komodo dragon is heavily wounded.
The komodo dragon hisses menacingly.
The komodo dragon closely misses you.
You sock the komodo dragon!
The komodo dragon is severely wounded.
The komodo dragon closely misses you.
You sock the komodo dragon!
The komodo dragon is almost dead.
The komodo dragon bites you!!
You die...

.....##....
.....:.... ####....#
........# ####...##
........#.#
#######.#.##########
#.#.#........#
#.#.#.####@l.#
#.#.#.....<#.#
#.#.######.###.#
#.#............#
#........#.#####
########.#.....#
#.#.###.# #.#####.#
#.......#


You could see a komodo dragon.

Vanquished Creatures
  Maurice (D:8)
  4 kobold demonologists (D:9)
  A hornet (D:9)
  Sigmund (D:3)
  2 wyverns
  3 basilisks
  A steam dragon (D:8)
  An acid dragon (D:9)
  5 water moccasins
  5 sky beasts
  7 black bears
  2 ice beasts (D:6)
  3 ogres
  2 wolves
  3 centaurs
  3 kobold brigands
  2 phantoms
  2 bullfrogs
  A gnoll sergeant (D:6)
  Blork the orc (D:6)
  6 scorpions
  3 wights (D:8)
  2 howler monkeys
  4 hounds
  2 jellies
  3 orc priests
  A gnoll bouda (D:6)
  A sleepcap (D:6)
  5 iguanas
  2 orc wizards
  Ijyb (D:5)
  10 adders
  An ufetubus (D:5)
  2 dart slugs (D:1)
  18 orcs
  11 ball pythons
  8 bats
  8 endoplasms
  4 giant cockroaches
  8 goblins
  8 hobgoblins
  6 jackals
  4 quokkas
  4 frilled lizards
  24 kobolds
  5 rats
201 creatures vanquished.

Notes
Turn   | Place    | Note
-------+----------+-------------------------------------------
     0 | D:1      | KittyFluff the Gargoyle Berserker began the quest for the
                  | Orb.
     0 | D:1      | Reached XP level 1. HP: 14/14 MP: 1/1
    92 | D:1      | Reached XP level 2. HP: 19/19 MP: 2/2
   160 | D:1      | Found Ittih's Weapon Shop.
   331 | D:1      | Found Igheiq Iwke's Jewellery Emporium.
   363 | D:1      | Found a transporter.
   365 | D:1      | Found Bufoe's Distillery.
   378 | D:1      | Found a transporter.
   384 | D:1      | Bought a potion of degeneration for 11 gold pieces
   482 | D:1      | Found Rius's Antique Armour Boutique.
   706 | D:2      | Reached XP level 3. HP: 23/23 MP: 3/3
   754 | D:2      | Reached ** piety under Trog
  1339 | D:2      | Found Bacotun's Assorted Antiques.
  1600 | D:3      | Noticed Sigmund
  1625 | D:3      | HP: 1/24 [Sigmund/+0 scythe (8)]
  1640 | D:3      | Killed Sigmund
  1641 | D:3      | Reached XP level 4. HP: 9/29 MP: 4/4
  1641 | D:3      | Reached XP level 5. HP: 11/33 MP: 5/5
  1901 | D:3      | Noticed a water moccasin
  1914 | D:3      | Killed a water moccasin
  1915 | D:3      | Reached XP level 6. HP: 16/39 MP: 6/6
  2179 | D:3      | You fall into a shaft and drop 1 floor!
  2308 | D:4      | Noticed a black bear
  2327 | D:4      | Killed a black bear
  2336 | D:4      | Reached skill level 5 in Maces & Flails
  2336 | D:4      | Reached XP level 7. HP: 30/44 MP: 7/7
  2352 | D:4      | Reached skill level 5 in Armour
  2983 | D:3      | Reached *** piety under Trog
  3420 | D:4      | Found a shimmering blue altar of Sif Muna.
  3423 | D:4      | Found an ornate altar of the Wu Jian Council.
  3424 | D:4      | Found a white marble altar of Elyvilon.
  3429 | D:4      | Found a snail-covered altar of Cheibriados.
  3839 | D:5      | Entered Level 5 of the Dungeon
  4003 | D:5      | Noticed Ijyb
  4009 | D:5      | Paralysed by Ijyb for 3 turns
  4013 | D:5      | Paralysed by Ijyb for 5 turns
  4024 | D:5      | Paralysed by Ijyb for 4 turns
  4032 | D:5      | Paralysed by Ijyb for 3 turns
  4040 | D:5      | Killed Ijyb
  4162 | D:5      | Reached skill level 5 in Fighting
  4317 | D:5      | Reached XP level 8. HP: 48/49 MP: 8/8
  4735 | D:5      | Found Ykhlonoy's Jewellery Shop.
  5465 | D:6      | Reached XP level 9. HP: 39/55 MP: 9/9
  5894 | D:6      | Found an ancient bone altar of Kikubaaqudgha.
  5894 | D:6      | Found a hide-covered altar of Uskayaw.
  6138 | D:6      | Found a staircase to the Ecumenical Temple.
  6268 | D:6      | Noticed Blork the orc
  6314 | D:6      | Killed Blork the orc
  6340 | D:6      | HP: 1/55 [black bear (5)]
  7003 | D:2      | Bought a fine mace for 128 gold pieces
  7003 | D:2      | Identified the +9 mace of the Shouting Gods {spect, *Rage
                  | Str+9 Dex+4 Stlth-} (You bought it in a shop on level 2 of
                  | the Dungeon)
  7003 | D:2      | Bought a masterwork morningstar for 144 gold pieces
  7003 | D:2      | Identified the +7 morningstar of Igril {antimagic, *Corrode
                  | rC+ Str+2 Int+7} (You bought it in a shop on level 2 of the
                  | Dungeon)
  7003 | D:2      | Bought a runed hand crossbow for 104 gold pieces
  8250 | D:8      | Reached **** piety under Trog
  8367 | D:8      | Reached skill level 5 in Dodging
  8367 | D:8      | Reached XP level 10. HP: 56/63 MP: 10/10
  9145 | D:8      | Found a staircase to the Lair.
  9348 | D:8      | Noticed Maurice
  9401 | D:8      | Killed Maurice
  9402 | D:8      | Reached skill level 10 in Armour
  9870 | D:9      | Noticed a kobold demonologist
  9870 | D:9      | Noticed a kobold demonologist
  9870 | D:9      | Noticed a kobold demonologist
  9870 | D:9      | Noticed a kobold demonologist
  9872 | D:9      | Noticed a rust devil
  9877 | D:9      | Gained mutation: Potions are less effective at restoring
                  | your health. [a neqoxec]
  9912 | D:9      | Killed a kobold demonologist
  9914 | D:9      | Killed a kobold demonologist
  9918 | D:9      | Noticed a rust devil
  9924 | D:9      | Killed a kobold demonologist
  9925 | D:9      | Reached skill level 10 in Maces & Flails
  9925 | D:9      | Reached XP level 11. HP: 60/68 MP: 3/11
 10215 | D:9      | Slain by a komodo dragon

Illustrated notes

Levels and vault maps discovered:
D:1:      dpeg_arrival_stonehenge_8_columns, layout_basic, serial_shops,
          nicolae_shop_advertising_works [nicolae_subvault_shop_adworks],
          nicolae_shop_drivethru, shop, nicolae_shop_crystal,
          minmay_misc_feat_plants
D:2:      layout_loops_corners, serial_shops, shop, serial_bayou_lagoon_a,
          chequers_serial_rivers_micro_a
D:3:      minmay_octagon_keep, layout_basic, serial_bayou_pond_d, uniq_sigmund
D:4:      layout_layer_cave, minitemple
D:5:      layout_gridville, serial_shops, shop, uniq_ijyb
D:6:      hangedman_cross_stitches, layout_gridville, jmf_multi_god_temple,
          minmay_temple_entry_statues_pillars, uniq_blork_the_orc
D:7:      layout_basic
D:8:      layout_cave_pools, minmay_lair_entry_grove, uniq_maurice
D:9:      layout_basic, minivault_22

Skill      XL: |  1  2  3  4  5  6  7  8  9 10 |
---------------+-------------------------------+-----
Armour         | 4 5 7 9 10 | 10.8
Dodging        | 2 3 4 5 |  5.9
Fighting       | 4 5 7 8 |  8.2
Maces & Flails | 4 5 7 8 10 | 10.1

Action                     |  1- 3 |  4- 6 |  7- 9 | 10-12 || total
---------------------------+-------+-------+-------+-------++-------
  Melee: Mace              |   127 |    67 |   524 |   237 ||   955
         Punch             |     1 |       |     2 |     1 ||     4
         Morningstar       |       |       |       |    22 ||    22
   Fire: Hand crossbow     |       |       |    22 |    52 ||    74
 Invoke: Berserk           |     1 |     1 |     5 |     1 ||     8
  Evoke: Wand              |       |       |       |     1 ||     1
    Use: Potion            |     2 |       |     2 |       ||     4
         Scroll            |       |       |     4 |       ||     4
   Stab: Paralysed         |       |       |       |     1 ||     1
 Armour: Animal skin       |    61 |    35 |    30 |       ||   126
         Robe              |       |       |    77 |       ||    77
         Leather armour    |       |       |   223 |   119 ||   342
         Acid dragon scale |       |       |       |    50 ||    50
  Dodge: Dodged            |    79 |    56 |   336 |   235 ||   706
         Repelled          |       |       |       |     4 ||     4
